AoeStats
← Ken

Arena

506381439Analyzed
1v1 RM · 18d ago on Sep 13, 2026· 70m 19s· 2 players
Game mode
Random Map
Map size
Tiny (2 player)
Population
200
Speed
Normal
Resources
Standard
Victory
Conquest
Starting age
Dark Age
Ending age
Imperial Age
RankedLock teamsTeams togetherTeam positionsShared explorationLock speedFull tech treeHidden civsTurbo modeCheats
Victory
Defeat
🇨🇳 Dravidians · China
932
+17
🇨🇳 Dravidians · China
963
-17
jerryBeing
11:23 Feudal Age
14:55 Castle Age
12:43 Double-Bit Axe
13:22 Horse Collar
16:01 Bow Saw
16:12 Heavy Plow
25:10 Wheelbarrow
29:06 Imperial Age
26:53 Hand Cart
26:24 Loom
26:54 Thumb Ring
27:27 Fletching
27:38 Padded Archer Armor
28:40 Ballistics
28:44 Bodkin Arrow
29:28 Husbandry
31:03 Guilds
30:28 Elite Elephant Archer
32:59 Chemistry
33:51 Conscription
33:38 Medical Corps
34:09 Hoardings
33:56 Masonry
33:57 Fortified Wall
34:24 Bracer
36:52 Two-Man Saw
36:29 Scale Barding Armor
36:34 Forging
36:40 Leather Archer Armor
36:53 Gold Mining
36:54 Stone Mining
37:55 Chain Barding Armor
37:46 Murder Holes
38:16 Light Cavalry
43:55 Pikeman
44:21 Gambesons
44:36 Squires
45:06 Town Watch
46:00 Iron Casting
45:55 Ring Archer Armor
45:23 Heavy Scorpion
49:50 Town Patrol
53:52 Elite Skirmisher
56:02 Wootz Steel
62:08 Blast Furnace
62:04 Halberdier
70:57 Scale Mail Armor
Ken
10:58 Feudal Age
15:21 Castle Age
13:51 Double-Bit Axe
14:22 Horse Collar
19:34 Bow Saw
19:42 Loom
25:06 Wheelbarrow
25:02 Crossbowman
26:55 Stone Mining
26:56 Gold Mining
27:51 Scale Mail Armor
28:32 Heavy Plow
32:26 Imperial Age
29:54 Fletching
29:48 Elite Skirmisher
31:12 Hand Cart
31:12 Padded Archer Armor
33:08 Chain Mail Armor
33:03 Forging
32:50 Bodkin Arrow
33:11 Leather Archer Armor
33:21 Medical Corps
33:36 Conscription
35:00 Plate Mail Armor
35:22 Iron Casting
35:49 Chemistry
35:10 Ballistics
34:45 Murder Holes
35:54 Pikeman
36:36 Squires
38:29 Ring Archer Armor
37:59 Bracer
38:05 Scale Barding Armor
38:45 Masonry
38:31 Arson
39:48 Blast Furnace
40:24 Husbandry
39:45 Light Cavalry
39:55 Halberdier
43:30 Chain Barding Armor
45:43 Arbalester
46:29 Thumb Ring
51:28 Conscription
51:29 Wootz Steel
56:48 Onager
61:35 Theocracy
61:29 Siege Onager
Connection lost

Rejoining the realm…

Still unreachable

The connection could not be restored.

Session expired

The server has moved on; the page needs a fresh start.